 Dungeon Crawl Stone Soup version 0.21.1-1-g345015f (webtiles) character file.

46 rlgrobin the Gusty (level 3, -3/19 HPs)
             Began as a Tengu Air Elementalist on Feb 11, 2018.
             Slain by Terence
             ... wielding a +0 short sword
              (4 damage)
             ... on level 2 of the Dungeon.
             The game lasted 00:05:43 (1187 turns).

rlgrobin the Gusty (Tengu Air Elementalist)         Turns: 1187, Time: 00:05:43

Health: -3/19      AC:  2    Str:  8    XL:     3   Next: 68%
Magic:  0/7        EV: 13    Int: 16    God:
Gold:   67         SH:  0    Dex: 14    Spells: 2/6 levels left

rFire    . . .     SeeInvis .   (no weapon)
rCold    . . .     Gourm    .   (no shield)
rNeg     . . .     Faith    .   a - +0 robe
rPois    +         Spirit   .   (helmet restricted)
rElec    .         Reflect  .   (no cloak)
rCorr    .         Harm     .   (no gloves)
MR       .....                  (boots unavailable)
Stlth    ++........             (no amulet)
HPRegen  0.06/turn              (no ring)
MPRegen  0.10/turn              d - ring of poison resistance

@: very slightly contaminated
A: beak, talons 3
a: no special abilities


You were on level 2 of the Dungeon.
You were not hungry.

You visited 1 branch of the dungeon, and saw 2 of its levels.

You collected 67 gold pieces.


Innate Abilities, Weirdness & Mutations

You have a beak for a mouth.
You have claws for feet.


   Skills:
 + Level 2.7 Dodging
 + Level 2.5 Stealth
 + Level 2.3 Spellcasting
 + Level 2.3 Conjurations
 + Level 4.5 Air Magic


You had 2 spell levels left.
You knew the following spells:

 Your Spells              Type           Power        Failure   Level  Hunger
z - Shock                 Conj/Air       ##..         4%          1    #......
Z - Static Discharge      Conj/Air       ##......     14%         3    ###....

Inventory:

Armour
 a - a +0 robe (worn)
Jewellery
 d - a ring of poison resistance (right hand)
Scrolls
 e - 2 scrolls of blinking {unknown}
 h - a scroll of remove curse {unknown}
Potions
 g - a potion of degeneration {unknown}
Books
 b - a book of Air

   Spells                             Type                      Level
   a - Shock                          Conjuration/Air              1
   b - Swiftness                      Charms/Air                   2
   c - Static Discharge               Conjuration/Air              3
   d - Airstrike                      Air                          4
   e - Lightning Bolt                 Conjuration/Air              5
Comestibles
 c - a ration
 f - 4 chunks of flesh

Dungeon Overview and Level Annotations

Branches:
Dungeon (2/15)

Altars:

Annotations:
D:2 Terence

▒..▒ ▒.▒ ▒..▒▒▒▒▒▒.
▒▒.▒▒▒▒.▒▒▒▒.▒▒▒.....
▒..▒▒.............▒
▒▒.▒........)...▒▒▒
▒...............▒
▒...............▒
▒▒..............▒
▒..............▒
▒Q.............▒
.......@.......<....▒▒
........................
..▒▒...<....▒▒▒▒▒▒▒▒▒▒▒▒
▒........▒ ▒........▒
▒▒▒▒▒▒▒▒▒▒


You could see Terence.


Message History

Terence is heavily wounded!
You now have 5/7 mp!
Terence zaps a wand!
The puff of flame hits you!!!
DANG * * * don't die
* * * You take 11 damage, and have 7/19 hp!
MASSIVE DAMAGE!!!!!!
You can't see any susceptible monsters within range!!! (Use Z to cast anyway!) Terence closely misses you!
Aiming: Shock
Aim: Terence, wielding a short sword, wearing a chain mail and carrying a wand of flame (9) (heavily wounded)
Okay, then!
You miscast Static Discharge!
You are very lightly contaminated with residual magic!
Nothing appears to happen!
Terence hits you with a short sword! * * * don't die
* * * You take 6 damage, and have 1/19 hp!
MASSIVE DAMAGE!!!!!!
You now have 2/7 mp!
Unknown command!
You don't have enough magic to cast that spell!
Aiming: Shock
Aim: Terence, wielding a short sword, wearing a chain mail and carrying a wand of flame (9) (heavily wounded)
The zap hits Terence!
Terence is severely wounded!
Terence barely misses you!
You now have 1/7 mp!
Aiming: Shock
Aim: Terence, wielding a short sword, wearing a chain mail and carrying a wand of flame (9) (severely wounded)
The zap hits Terence!
Terence is severely wounded!
Terence hits you with a short sword! rip

Action                   || total
-------------------------++-------
Melee: Unarmed           ||    46
       Kick              ||    14
       Peck              ||     7
 Cast: Shock             ||    34
       Static Discharge  ||     3
 Stab: Sleeping          ||     2
  Eat: Chunk             ||     2
Armor: Robe              ||     9
Dodge: Dodged            ||    48

Vault maps used:
D:1:      eino_arrival_water_star, glass_columns_b, chequers_big_river
D:2:      uniq_terence

Notes
Turn   | Place    | Note
-------+----------+-------------------------------------------
     0 | D:1      | rlgrobin the Tengu Air Elementalist began the quest for the Orb.
     0 | D:1      | Reached XP level 1. HP: 10/10 MP: 4/4
    54 | D:1      | Reached XP level 2. HP: 12/15 MP: 4/6
   309 | D:1      | Reached skill level 2 in Conjurations
   861 | D:2      | Reached XP level 3. HP: 12/19 MP: 5/7
   925 | D:2      | Learned a level 3 spell: Static Discharge
  1179 | D:2      | Noticed Terence
  1185 | D:2      | HP: 1/19 [Terence/short sword (6)]
  1187 | D:2      | Slain by Terence

Vanquished Creatures
  An adder (D:2)
  An ooze (D:2)
  3 dart slugs
  A leopard gecko (D:1)
  A giant cockroach (D:2)
  2 goblins (D:1)
  6 hobgoblins
  2 bats (D:1)
  A frilled lizard (D:1)
  4 kobolds (D:1)
  7 rats (D:1)
29 creatures vanquished.
